 Dungeon Crawl Stone Soup version 0.22-a0-479-gc6e99f3 (webtiles) character file.

146 Laiders72 the Magician (level 5, -1/37 HPs)
             Began as a Gnoll Wizard on June 14, 2018.
             Killed from afar by an orc wizard (9 damage)
             ... with a magic dart
             ... on level 3 of the Dungeon.
             The game lasted 00:06:39 (2587 turns).

Laiders72 the Magician (Gnoll Wizard)               Turns: 2587, Time: 00:06:40

Health: -1/37      AC:  2    Str:  9    XL:     5   Next: 28%
Magic:  7/14       EV: 15    Int: 22    God:
Gold:   139        SH:  0    Dex: 18    Spells: 7/18 levels left

rFire    . . .     SeeInvis .   q - +4 dagger
rCold    . . .     Gourm    .   (no shield)
rNeg     . . .     Faith    .   a - +0 robe
rPois    +         Spirit   .   b - +0 hat
rElec    .         Reflect  .   (no cloak)
rCorr    .         Harm     .   (no gloves)
MR       .....                  (no boots)
Stlth    +++.......             (no amulet)
HPRegen  0.12/turn              p - +5 ring of dexterity
MPRegen  0.14/turn              o - ring of poison resistance

@: no status effects
A: distributed training, fangs 1, strong nose
a: no special abilities


You were on level 3 of the Dungeon.
You were hungry.

You visited 1 branch of the dungeon, and saw 3 of its levels.

You collected 139 gold pieces.

Inventory:

Hand Weapons
 q - a +4 dagger (weapon)
Armour
 a - a +0 robe (worn)
 b - a +0 hat (worn)
Jewellery
 n - a +2 ring of strength
 o - a ring of poison resistance (right hand)
 p - a +5 ring of dexterity (left hand)
Wands
 i - a wand of acid (9)
Scrolls
 c - 2 scrolls of teleportation {unknown}
 e - 5 scrolls of identify {unknown}
 g - a scroll of blinking {unknown}
 l - a scroll of enchant weapon {unknown}
Potions
 f - 2 potions of brilliance {unknown}
 h - a potion of curing {unknown}
 j - a potion of resistance {unknown}
 k - 3 potions of haste {unknown}
 m - a potion of degeneration {unknown}
Comestibles
 d - 9 rations


   Skills:
 + Level 1.4 Fighting
 + Level 1.4 Short Blades
 + Level 1.4 Long Blades
 + Level 1.4 Axes
 + Level 1.4 Maces & Flails
 + Level 1.4 Polearms
 + Level 1.4 Staves
 + Level 1.4 Slings
 + Level 1.4 Bows
 + Level 1.4 Crossbows
 + Level 1.4 Throwing
 + Level 1.4 Armour
 + Level 4.7 Dodging
 + Level 4.3 Stealth
 + Level 1.4 Shields
 + Level 1.4 Unarmed Combat
 + Level 7.2 Spellcasting
 + Level 2.3 Conjurations
 + Level 1.1 Hexes
 + Level 1.1 Charms
 + Level 2.3 Summonings
 + Level 1.1 Necromancy
 + Level 2.3 Translocations
 + Level 1.1 Transmutations
 + Level 1.1 Fire Magic
 + Level 1.1 Ice Magic
 + Level 1.1 Air Magic
 + Level 1.1 Earth Magic
 + Level 1.1 Poison Magic
 + Level 1.5 Invocations
 + Level 1.4 Evocations


You had 7 spell levels left.
You knew the following spells:

 Your Spells              Type           Power        Failure   Level  Hunger
a - Magic Dart            Conj           ###.         3%          1    None
b - Blink                 Tloc           N/A          4%          2    None
c - Call Imp              Summ           ###.....     4%          2    None
d - Conjure Flame         Conj/Fire      ###.....     12%         3    None
e - Mephitic Cloud        Conj/Pois/Air  ##......     13%         3    None

Your spell library contained the following spells:

 Spells                   Type           Power        Failure   Level  Hunger
 Slow                     Hex            ##......     8%          2    None


Dungeon Overview and Level Annotations

Branches:
Dungeon (3/15)

Altars:


Innate Abilities, Weirdness & Mutations

Your experience applies equally to all skills.
You have very sharp teeth.
Your uncanny sense of smell can sniff out nearby items.


Message History

The puff of frost hits you!
* * * LOW HITPOINT WARNING * * *
Something hits your crimson imp. x2
Your magical contamination has completely faded away.
Your crimson imp hits something.
Something closely misses your crimson imp.
Your crimson imp hits something but does no damage.
A magic dart appears from out of thin air!
The magic dart hits your crimson imp.
A puff of frost appears from out of thin air!
The puff of frost hits your crimson imp.
Your crimson imp is frozen!
Your crimson imp dies!
A puff of frost appears from out of thin air!
The puff of frost misses you.
An orc wizard appears from thin air!
Reactivating autopickup.
The orc wizard gestures at you while chanting.
The magic dart hits you!
You die...

#....#................#
####.#.##.......##.######
#.#..................#####
#...###.....###(####......
### ##### #..รท..# #.#
####### ..# #######.###
#.# # #.# #.....#.# #.# ##
#.# #.###...# #.# ######.
#.# #.#@#####.####...#..
#.########
#.#.#..........[...#
..........
#.#.#.########...#..
#.########
#...o.......)).####. #.#
#.###.#.######.# ## #.#
#.# #.#.# #.# # ..# #.#
#.#.# #.# # ### #.###.#.#
#.# # .# #..##.#.# #.#####


You could see an orc wizard.

Vanquished Creatures
  An orc wizard (D:3)
  A gnoll (D:3)
  2 oozes
  A dart slug (D:1)
  2 leopard geckos
  5 orcs (D:3)
  A giant cockroach (D:3)
  7 goblins
  4 hobgoblins
  3 kobolds
  A quokka (D:3)
  3 bats
  5 frilled lizards
  2 rats
38 creatures vanquished.

Vanquished Creatures (collateral kills)
  The ghost of Laiders72 the Ruffian, an amateur DrTm (D:3)
  An adder (D:2)
  A gnoll (D:3)
  A bat (D:3)
4 creatures vanquished.

Grand Total: 42 creatures vanquished

Notes
Turn   | Place    | Note
-------+----------+-------------------------------------------
     0 | D:1      | Laiders72 the Gnoll Wizard began the quest for the Orb.
     0 | D:1      | Reached XP level 1. HP: 13/13 MP: 8/8
   210 | D:1      | Reached XP level 2. HP: 13/19 MP: 8/10
   534 | D:1      | Learned a level 2 spell: Blink
   537 | D:1      | Learned a level 2 spell: Call Imp
   572 | D:1      | You fall through a shaft!
   768 | D:1      | Reached XP level 3. HP: 25/25 MP: 6/11
   773 | D:1      | Learned a level 3 spell: Conjure Flame
   777 | D:1      | Learned a level 3 spell: Mephitic Cloud
  1817 | D:2      | Reached skill level 1 in Invocations
  2094 | D:3      | Noticed Laiders72's ghost (amateur DrTm)
  2110 | D:3      | Killed Laiders72's ghost
  2110 | D:3      | Reached skill level 1 in Fighting
  2110 | D:3      | Reached skill level 1 in Short Blades
  2110 | D:3      | Reached skill level 1 in Long Blades
  2110 | D:3      | Reached skill level 1 in Axes
  2110 | D:3      | Reached skill level 1 in Maces & Flails
  2110 | D:3      | Reached skill level 1 in Polearms
  2110 | D:3      | Reached skill level 1 in Staves
  2110 | D:3      | Reached skill level 1 in Slings
  2110 | D:3      | Reached skill level 1 in Bows
  2110 | D:3      | Reached skill level 1 in Crossbows
  2110 | D:3      | Reached skill level 1 in Throwing
  2110 | D:3      | Reached skill level 1 in Armour
  2110 | D:3      | Reached skill level 1 in Shields
  2110 | D:3      | Reached skill level 1 in Unarmed Combat
  2110 | D:3      | Reached skill level 1 in Evocations
  2110 | D:3      | Reached XP level 4. HP: 32/32 MP: 7/13
  2210 | D:3      | Reached skill level 1 in Hexes
  2210 | D:3      | Reached skill level 1 in Charms
  2210 | D:3      | Reached skill level 1 in Necromancy
  2210 | D:3      | Reached skill level 1 in Transmutations
  2210 | D:3      | Reached skill level 1 in Fire Magic
  2210 | D:3      | Reached skill level 1 in Ice Magic
  2210 | D:3      | Reached skill level 1 in Air Magic
  2210 | D:3      | Reached skill level 1 in Earth Magic
  2210 | D:3      | Reached skill level 1 in Poison Magic
  2340 | D:3      | Reached XP level 5. HP: 17/37 MP: 3/14
  2587 | D:3      | Killed from afar by an orc wizard

Vault maps used:
D:1:      minmay_arrival_five_plusses
D:2:      first_ration, minmay_tiny_reverse_x

Skill      XL: |  1  2  3  4 |
---------------+-------------+-----
Conjurations   | 2 |  2.3
Summonings     | 2 |  2.3
Translocations | 2 |  2.3
Invocations    | 1 |  1.5
Fighting       | 1 |  1.4
Short Blades   | 1 |  1.4
Long Blades    | 1 |  1.4
Axes           | 1 |  1.4
Maces & Flails | 1 |  1.4
Polearms       | 1 |  1.4
Staves         | 1 |  1.4
Slings         | 1 |  1.4
Bows           | 1 |  1.4
Crossbows      | 1 |  1.4
Throwing       | 1 |  1.4
Armour         | 1 |  1.4
Shields        | 1 |  1.4
Unarmed Combat | 1 |  1.4
Evocations     | 1 |  1.4
Hexes          | 1 |  1.1
Charms         | 1 |  1.1
Necromancy     | 1 |  1.1
Transmutations | 1 |  1.1
Fire Magic     | 1 |  1.1
Ice Magic      | 1 |  1.1
Air Magic      | 1 |  1.1
Earth Magic    | 1 |  1.1
Poison Magic   | 1 |  1.1
Dodging        | |  4.7
Stealth        | |  4.3
Spellcasting   | |  7.2

Action                   |  1- 3 |  4- 6 || total
-------------------------+-------+-------++-------
Melee: Unarmed           |    12 |    18 ||    30
       Bite              |     3 |     2 ||     5
       Dagger            |       |     7 ||     7
 Cast: Magic Dart        |    50 |    18 ||    68
       Call Imp          |     5 |     3 ||     8
       Blink             |     2 |       ||     2
       Mephitic Cloud    |       |     3 ||     3
  Use: Potion            |     2 |       ||     2
 Stab: Confused          |       |     3 ||     3
  Eat: Chunk             |     3 |     1 ||     4
Armor: Robe              |     2 |     3 ||     5
Dodge: Dodged            |    12 |    15 ||    27

Table legend:
 A = Spawn XP
 B = Non-spawn XP
 C = Spawn XP percentage of total XP
 D = Spawn monster count
 E = Non-spawn monster count
 F = Spawn count percentage of total count
 G = Total turns spent on level
                    A         B        C        D         E        F      G
               +---------+---------+-------+---------+---------+-------+---------
         Total |       0 |     209 |   0.0 |       0 |      42 |   0.0 |  2587
               +---------+---------+-------+---------+---------+-------+---------
           D:1 |       0 |      33 |   0.0 |       0 |      15 |   0.0 |  1348
           D:2 |       0 |      29 |   0.0 |       0 |       8 |   0.0 |   667
           D:3 |       0 |     147 |   0.0 |       0 |      19 |   0.0 |   572
               +---------+---------+-------+---------+---------+-------+---------
